 Dungeon Crawl Stone Soup version 0.30.1-9-gdf580d7c3d (webtiles) character file.

Game seed: 6251624976262025659

620 MysteronAgent613 the Sneak (level 7, -5/49 HPs)
             Began as a Djinni Enchanter on Oct 16, 2023.
             Was an Initiate of Makhleb.
             Slain by Duvessa
             ... wielding a +0 short sword
              (9 damage)
             ... on level 4 of the Dungeon.
             The game lasted 00:13:59 (2670 turns).

MysteronAgent613 the Sneak (Djinni Enchanter)       Turns: 2670, Time: 00:13:59

Health: -5/49      AC:  0    Str:  9    XL:     7   Next: 74%
Gold:   63         EV: 15    Int: 16    God:    Makhleb [......] SH:  0 Dex: 14

rFire   . . .        a - melded +1 dagger
rCold   . . .        (shield currently unavailable)
rNeg    . . .        b - melded +0 robe
rPois   ∞            (helmet currently unavailable)
rElec   .            (cloak currently unavailable)
rCorr   .            (gloves currently unavailable)
SInv    .            (boots unavailable)
Will    .....        (no amulet)
Stlth   +++          (ring currently unavailable)
HPRegen 0.28/turn    (ring currently unavailable)
MPRegen 0.00/turn

%: infuse magic (-6 HP)
@: pig-form (expiring), flying, very quick
A: fast, flying, no casting, sickness immunity, small, (fire resistance 2),
(cold vulnerability 1), float, innate caster, HP casting, extra vitality 1,
(iridescent scales 1), sense surroundings 1, wild magic 1
a: Renounce Religion


You were on level 4 of the Dungeon.
You worshipped Makhleb.
Makhleb was noncommittal.
You were a filthy swine.
You visited 2 branches of the dungeon, and saw 5 of its levels.

You collected 63 gold pieces.

Inventory:

Hand Weapons
 a - a +1 dagger (melded)
Armour
 b - a +0 robe (melded)
Jewellery
 c - the ring "Iwkidipa" {Fire Drain rN+ Dex+5 Stlth+}
   (You acquired it on level 4 of the Dungeon)

   [ring of fire]

   It enhances your fire magic.
   Dex:       It affects your dexterity (+5).
   rF:        It protects you from fire.
   rC:        It makes you vulnerable to cold.
   rN:        It protects you from negative energy.
   Drain:     It drains your maximum health when unequipped.
   Stlth:     It makes you more stealthy.
Scrolls
 d - a scroll of identify {unknown}
 h - a scroll of immolation
 i - a scroll of blinking {unknown}
 k - a scroll of fog {unknown}
Potions
 e - 2 potions of berserk rage {unknown}
 g - a potion of attraction


   Skills:
 * Level 2.2 Fighting
 * Level 3.0 Short Blades
 * Level 2.1 Armour
 * Level 3.5 Dodging
 * Level 4.0 Stealth
 * Level 3.9 Spellcasting


You knew the following spells:

 Your Spells              Type           Power      Damage    Failure   Level
a - Ensorcelled Hibernat  Hex/Ice        40%        N/A       8%          2
b - Confusing Touch       Hex            20%        N/A       14%         3
c - Tukima's Dance        Hex            20%        N/A       14%         3
d - Dazzling Flash        Conj/Hex       40%        N/A       14%         3
e - Foxfire               Conj/Fire      80%        2x1d8     5%          1
f - Searing Ray           Conj           40%        2d5       8%          2
g - Scorch                Fire           40%        2d6       8%          2
Your spell library was empty.

Dungeon Overview and Level Annotations

Branches:
Dungeon (4/15)             Temple (1/1) D:4

Altars:
Ashenzari
Cheibriados
Dithmenos
Elyvilon
Fedhas
Gozag
Hepliaklqana
Makhleb
Okawaru
Qazlal
Trog
Uskayaw
Wu Jian
Xom
Yredelemnul
Zin
The Shining One

Shops:
D:1 (

Annotations:
D:4 Dowan, Duvessa


Innate Abilities, Weirdness & Mutations

You are a filthy swine.
You move quickly.
You are flying.
Your equipment is almost entirely melded.
You are incapable of wielding weapons or throwing items.
You cannot cast spells.
You are immune to sickness and miasma.
You are immune to poison.
((Your flesh is very heat resistant. (rF++)))
((You are vulnerable to cold. (rC-)))
You float through the air rather than walking.
You learn spells naturally, not from books.
Your magical power is your life essence.
You have superior vitality. (+4 MHP)
((You are partially covered in iridescent scales. (AC +2)))
You passively map a small area around you.
Your spells are a little harder to cast, but a little more powerful.


Message History

Press: ? - help, Shift-Dir - straight line, f - Duvessa
Aim: Duvessa, wielding a +0 short sword, wearing a +0 leather armour and carrying a wand of polymorph (5) (fast, chance to affect: 35%)
You miscast Tukima's Dance.
You are very lightly contaminated with residual magic.
Nothing appears to happen.
Duvessa zaps a wand.
You turn into a filthy swine.
Your +1 dagger melds into your body.
Your +0 robe melds into your body.
You can't do that in your present form.
Duvessa misses you.
Aiming: Mindburst
Press: ? - help, Shift-Dir - straight line, f/p - Duvessa
Aim: Duvessa, wielding a +0 short sword, wearing a +0 leather armour and carrying a wand of polymorph (4) (fast, chance to affect: 47%) Duvessa's mind is blasted!!
Duvessa hits you with a +0 short sword. Duvessa closely misses you.
Unknown command.
Aiming: Mindburst
Press: ? - help, Shift-Dir - straight line, f/p - Duvessa
Aim: Duvessa, wielding a +0 short sword, wearing a +0 leather armour and carrying a wand of polymorph (4) (severely wounded, fast, chance to affect: 47%) Duvessa resists with some effort.
The now-empty wand crumbles to dust.
Duvessa closely misses you. Dowan barely misses you.
Your transformation is almost over.
Duvessa attacks as you move away! Duvessa hits you with a +0 short sword!
Duvessa says, "I don't care about looks, I care about technique!"
Duvessa closely misses you.
Dowan says, "Magic and the sword, together, will defeat you."
Dowan points at you and mumbles some strange words.
The puff of frost hits you!
Your magical contamination has completely faded away.
Duvessa attacks as you move away! Duvessa hits you with a +0 short sword!
* * * LOW HITPOINT WARNING * * *
Duvessa attacks as you move away! Duvessa closely misses you.
This is a scroll of acquirement!
Something appears before you!
Duvessa says, "Where magic fails, the sword succeeds!"
Duvessa hits you with a +0 short sword!
* * * LOW HITPOINT WARNING * * *
c - the ring "Iwkidipa" {Fire Drain rN+ Dex+5 Stlth+} Duvessa says, "Did you see that move?
Perfect!"
Duvessa hits you with a +0 short sword!
You die...

* , ###.##..# , ##.....#.# , ,*
#....#.#.# ,,
#....#...##################
...####...##)..#........)........
..##...####....#.................
..#....#.......#.................
..#)†..#.♣.#...#....e............
......##...+....he###............
.##.###....#...###.#.#####.......
..#.......#####.....#...###......
.........###.#......#....#.###...
.########.....#.....#.....#.e.###
.#####.#......#......#....#....#.
.##.....#.....#.....###...#.....#
.#......#......#.###.#.###.#.e..#
..#.....#.....###.....# ..###...#


You could see Duvessa (fast) and Dowan.

Vanquished Creatures
  The ghost of monsoonserge the Firebug, an amateur HOFE (D:4)
  A dancing weapon (D:3)
  A black bear (D:4)
  A centaur (D:4)
  An orc priest (D:4)
  A sleepcap (D:4)
  A gnoll bouda (D:4)
  An iguana (D:4)
  Terence (D:3)
  2 gnolls (D:4)
  5 adders
  A dart slug (D:2)
  3 orcs (D:4)
  3 endoplasms
  A giant cockroach (D:1)
  5 goblins
  A hobgoblin (D:1)
  4 kobolds
  2 quokkas (D:4)
  4 ball pythons
  2 frilled lizards
  A rat (D:1)
43 creatures vanquished.

Vanquished Creatures (collateral kills)
  An ogre (D:4)
  A gnoll (D:4)
  2 orcs (D:4)
4 creatures vanquished.

Vanquished Creatures (others)
  A dancing weapon (D:4)
  16 foxfires
17 creatures vanquished.

Grand Total: 64 creatures vanquished

Notes
Turn   | Place    | Note
-------+----------+-------------------------------------------
     0 | D:1      | MysteronAgent613 the Djinni Enchanter began the quest for
                  | the Orb.
     0 | D:1      | MysteronAgent613 set off with the following spells
                  | memorised: Ensorcelled Hibernation, Confusing Touch,
                  | Tukima's Dance, Dazzling Flash.
     0 | D:1      | Reached XP level 1. HP: 15/15 MP: 0/0
   123 | D:1      | Found Omiciwk's Weapon Emporium.
   263 | D:1      | Reached XP level 2. HP: 22/22 MP: 0/0
   514 | D:2      | Reached skill level 1 in Short Blades
   514 | D:2      | Reached XP level 3. HP: 24/26 MP: 0/0
   514 | D:2      | Learned a level 1 spell: Foxfire
   762 | D:3      | Noticed Terence
   785 | D:3      | Killed Terence
   786 | D:3      | Reached skill level 3 in Stealth
   786 | D:3      | Reached XP level 4. HP: 13/31 MP: 0/0
   898 | D:4      | Found a staircase to the Ecumenical Temple.
   916 | D:4      | Reached skill level 1 in Fighting
   920 | Temple   | Entered the Ecumenical Temple
  1183 | Temple   | Became a worshipper of Makhleb the Destroyer
  1381 | D:4      | Reached XP level 5. HP: 34/37 MP: 0/0
  1381 | D:4      | Learned a level 2 spell: Searing Ray
  1544 | D:4      | Noticed an ogre
  1549 | D:4      | Killed an ogre
  1550 | D:4      | Reached skill level 1 in Armour
  1600 | D:4      | Reached XP level 6. HP: 18/42 MP: 0/0
  1735 | D:4      | Found a runed translucent door.
  1736 | D:4      | Noticed monsoonserge's ghost (amateur HOFE)
  1746 | D:4      | Killed monsoonserge's ghost
  1807 | D:4      | Noticed a black bear
  2037 | D:4      | Killed a black bear
  2038 | D:4      | Reached XP level 7. HP: 49/49 MP: 0/0
  2038 | D:4      | Learned a level 2 spell: Scorch
  2055 | D:4      | Found a white marble altar of Elyvilon.
  2066 | D:4      | Gained mutation: You are partially covered in iridescent
                  | scales. (AC +2) [potion of mutation]
  2066 | D:4      | Gained mutation: Your spells are a little harder to cast,
                  | but a little more powerful. [potion of mutation]
  2066 | D:4      | Gained mutation: You passively map a small area around you.
                  | [potion of mutation]
  2577 | D:4      | Reached skill level 4 in Stealth
  2648 | D:4      | Noticed Duvessa
  2648 | D:4      | Noticed Dowan
  2669 | D:4      | Identified a scroll of acquirement
  2669 | D:4      | Acquired the ring "Iwkidipa" {Fire Drain rN+ Dex+5 Stlth+}
  2670 | D:4      | Slain by Duvessa

Illustrated notes

Levels and vault maps discovered:
D:1:      heliophobic_arrival_enchanted_forest, layout_basic, serial_shops,
          shop, chequers_serial_rivers_large_b
D:2:      layout_loops_ring, minmay_heptomino_o4, uniq_sigmund
D:3:      layout_basic, kennysheep_cross_room, uniq_terence
D:4:      nicolae_BIG_FREAKIN_CUBE, layout_gridville, elyvilon_altar_3,
          minmay_temple_entry_proselytizer, ebering_ghost_reflecting_pool,
          grunt_ministairs_8, minmay_bent, uniq_duvessa
Temple:   nicolae_temple_bog_church

Skill      XL: |  1  2  3  4  5  6  7 |
---------------+----------------------+-----
Short Blades   | 1 2 3 |  3.0
Stealth        | 3 4 |  4.0
Fighting       | 1 2 |  2.2
Armour         | 1 2 |  2.1
Spellcasting   | 3 |  3.9
Dodging        | 3 |  3.5

Action                     |  1- 3 |  4- 6 |  7- 9 || total
---------------------------+-------+-------+-------++-------
  Melee: Dagger            |    24 |    79 |    23 ||   126
         Punch             |       |     1 |     2 ||     3
   Cast: Ensorcelled Hiber |     5 |     6 |       ||    11
         Confusing Touch   |     2 |     1 |     3 ||     6
         Tukima's Dance    |     1 |     8 |     6 ||    15
         Foxfire           |     1 |     6 |     3 ||    10
         Scorch            |       |       |     3 ||     3
  Evoke: Wand              |       |       |     2 ||     2
    Use: Scroll            |     1 |     1 |     1 ||     3
         Potion            |       |     4 |     4 ||     8
   Stab: Sleeping          |     8 |     4 |     1 ||    13
         Invisible         |       |     2 |       ||     2
         Distracted        |       |       |     2 ||     2
 Armour: Robe              |       |    11 |     9 ||    20
  Dodge: Dodged            |    10 |    63 |    44 ||   117
